 Dungeon Crawl Stone Soup version 0.22.0-38-g04b72b8 (webtiles) character file.

67999 nicolaieve the Bludgeoner (level 14, -6/130 HPs)
             Began as a Minotaur Berserker on Aug 27, 2018.
             Was the Champion of Trog.
             Killed by divine providence
             ... invoked by an orc priest
              (15 damage)
             ... on level 2 of the Orcish Mines.
             The game lasted 01:18:08 (14678 turns).

nicolaieve the Bludgeoner (Minotaur Berserker)     Turns: 14678, Time: 01:18:09

Health: -6/130     AC: 21    Str: 22    XL:     14   Next: 85%
Magic:  13/13      EV: 12    Int:  7    God:    Trog [******]
Gold:   1324       SH: 18    Dex: 15    Spells: 13/13 levels left

rFire    . . .     SeeInvis .   M - +2 eveningstar (drain)
rCold    + . .     Gourm    .   E - +4 shield of Sif Muna's Regard {rElec rF- rC++ rCorr Int+3}
rNeg     . . .     Faith    .   n - +0 plate armour
rPois    +         Spirit   .   (helmet restricted)
rElec    +         Reflect  .   h - scarf {repulsion}
rCorr    +         Harm     .   o - +1 pair of gloves
MR       +....                  u - +0 pair of boots
Stlth    ..........             (no amulet)
HPRegen  0.31/turn              j - ring of fire
MPRegen  0.13/turn              y - ring of poison resistance

@: about to teleport, berserk cooldown, starving, slowed, repel missiles, very
slow
A: retaliatory headbutt, horns 2
a: Berserk, Trog's Hand, Brothers in Arms, Renounce Religion


You were on level 2 of the Orcish Mines.
You worshipped Trog.
Trog was exalted by your worship.
You were starving.

You visited 3 branches of the dungeon, and saw 18 of its levels.

You collected 1644 gold pieces.
You spent 320 gold pieces at shops.

Inventory:

Hand Weapons
 F - a +4 dire flail
 G - the +4 mace of the Grave {freeze, rC+ MP+9}
   (You found it on level 5 of the Dungeon)

   It has been specially enchanted to freeze those struck by it, causing extra
   injury to most foes and up to half again as much damage against particularly
   susceptible opponents.
   It can also slow down cold-blooded creatures.
   It protects you from cold.
   It affects your magic capacity (+9).
 L - a +6 antimagic lajatang
 M - a +2 eveningstar of draining (weapon)
 O - a +3 eveningstar
Armour
 h - a scarf of repulsion (worn)
 n - a +0 plate armour (worn)
 o - a +1 pair of gloves (worn)
 u - a +0 pair of boots (worn)
 E - the +4 shield of Sif Muna's Regard (worn) {rElec rF- rC++ rCorr Int+3}
   (You bought it in a shop on level 9 of the Dungeon)

   It affects your intelligence (+3).
   It makes you vulnerable to fire.
   It greatly protects you from cold.
   It insulates you from electricity.
   It provides partial protection from all sources of acid and corrosion.
 H - a +0 cloak
Jewellery
 j - a ring of fire (left hand)
 p - an uncursed ring of see invisible
 y - a ring of poison resistance (right hand)
 J - an uncursed ring of ice
Wands
 C - a wand of polymorph (10)
 D - a wand of paralysis (10)
 N - a wand of acid (6)
Scrolls
 f - 9 scrolls of remove curse
 i - 5 scrolls of teleportation
 l - 4 scrolls of enchant weapon
 m - a scroll of silence {unknown}
 q - 5 scrolls of immolation
 s - a scroll of magic mapping
 t - 2 scrolls of fog {unknown}
 v - 2 scrolls of brand weapon {unknown}
 w - 2 scrolls of fear {unknown}
 z - 2 scrolls of blinking {unknown}
 B - 6 scrolls of enchant armour
 K - a scroll of acquirement {unknown}
Potions
 b - a potion of resistance
 d - 8 potions of curing
 e - a potion of flight
 g - 2 potions of mutation
 k - 2 potions of haste
 r - 3 potions of invisibility
 x - 2 potions of agility
 A - 9 potions of heal wounds
 I - 3 potions of might
Comestibles
 c - 30 rations


   Skills:
 + Level 13.9 Fighting
 * Level 15.9 Maces & Flails
 + Level 15.1 Armour
 * Level 8.2 Dodging
 - Level 15.0 Shields


You had 13 spell levels left.
You didn't know any spells.
Your spell library was empty.

Dungeon Overview and Level Annotations

Branches:
Dungeon (10/15)            Temple (0/1) D:6            Lair (6/6) D:10
 Shoals (0/4) Lair:3       Spider (0/4) Lair:4        Slime (0/5) Lair:5
    Orc (2/2) D:9             Elf (0/3) Orc:2

Altars:
Cheibriados
Elyvilon
Gozag
Makhleb
Okawaru
Qazlal
Sif Muna
Trog
Uskayaw
Vehumet
Yredelemnul

Shops:
D:6 [   D:9 [   D:10 *

Annotations:
D:9 Blork the orc


Innate Abilities, Weirdness & Mutations

You reflexively headbutt those who attack you in melee.
You have a pair of horns on your head.


Message History

You sock the orc warlord! You headbutt the orc warlord.
The orc warlord is lightly wounded.
You are no longer berserk.
You are exhausted.
You feel yourself slow down.
An orc priest comes into view. It is wielding a hand axe.
The orc high priest calls down the wrath of Beogh upon you.
Beogh smites you!
* * * LOW HITPOINT WARNING * * *
The orc warrior misses you. You block the orc's attack.
As you read the scroll of teleportation, it crumbles to dust.
You feel strangely unstable.
The orc priest shouts!
You block the orc priest's attack.
The orc high priest prays to Beogh.
The orc warrior barely misses you. You block the orc's attack.
The orc priest hits you but does no damage.
The orc priest invokes the aid of Beogh against you.
Beogh smites you!
You die...

###.....#..#........#
##.....#### #
##....####......#.#
#.......# ##..##
##.#...# # ###...###
#..# #......# #...#
##.# ##..#.## ##.##
### ##....## ###
##....## ###...)o###
#.....ooo@#
###....o### #....oooo
#....oooo.
#.3.o3.o..#
#..o.oo...#
#....o....#
...........


You could see an orc warlord, a smoke demon, 4 orc priests, 2 orc wizards and 3
orcs.

Vanquished Creatures
  Rupert (Lair:6)
  Nessos (Lair:6)
  Fannar (Orc:1)
  The ghost of Zoacau Tepro the Brawler, a journeyman TrMo of Cheibriados (Lair:2)
  7 hydras
  Harold (D:9)
  A catoblepas (Lair:5)
  6 death yaks
  A two-headed ogre (D:10)
  An orc high priest (Orc:2)
  Urug (Orc:2)
  The ghost of Anothat the Covered, a novice DDFi (D:7)
  A lindwurm (Lair:6)
  Pikel (D:5)
  4 orc knights
  A cyclops (Orc:2)
  4 orc sorcerers (Orc:2)
  11 elephants
  3 black mambas (Lair:6)
  23 spiny frogs
  3 torpor snails
  5 rime drakes
  9 komodo dragons
  A polar bear (Lair:6)
  A queen bee (D:10)
  2 trolls
  A jumping spider (Lair:4)
  3 tyrant leeches (Lair:6)
  20 blink frogs
  18 dream sheep
  8 hippogriffs
  39 yaks
  Eustachio (D:5)
  3 basilisks
  A fire bat (Lair:6)
  6 vampire mosquitoes (Lair:6)
  Edmund (D:4)
  4 wargs
  10 porcupines
  10 water moccasins
  5 ice beasts
  23 orc warriors
  4 sky beasts
  2 black bears (D:8)
  4 slaves (D:5)
  4 phantoms
  8 ogres
  6 centaurs
  20 wolves
  5 crocodiles
  22 bullfrogs
  2 scorpions
  18 killer bees (D:10)
  3 wights (D:10)
  4 howler monkeys
  2 electric eels (Lair:6)
  A crimson imp (D:9)
  2 quasits
  A jelly (D:10)
  3 bullfrog skeletons
  7 hounds
  16 orc priests
  Crazy Yiuf (D:5)
  21 orc wizards
  2 water moccasin simulacra (D:7)
  6 iguanas
  3 worker ants
  8 ogre zombies (D:9)
  A centaur simulacrum (D:7)
  A hound skeleton (D:4)
  2 worker ant zombies
  6 adders
  3 gnolls (D:10)
  A shadow imp (D:7)
  A white imp (D:7)
  A worker ant simulacrum (D:7)
  3 oozes
  4 worms
  4 adder skeletons
  5 dart slugs
  3 leopard geckos
  56 orcs
  3 giant cockroaches
  5 goblins
  8 hobgoblins
  8 jackals
  6 kobolds
  3 bats
  4 frilled lizards
  A goblin skeleton (D:9)
  A goblin zombie (D:9)
  A hobgoblin skeleton (D:9)
  A hobgoblin zombie (D:9)
  A jackal skeleton (D:4)
  3 orc skeletons (D:9)
  18 orc zombies (D:9)
  5 rats
  A spectral orc (D:5)
  A plant (D:10)
581 creatures vanquished.

Vanquished Creatures (others)
  An orc priest (Orc:2)
  A worker ant zombie (D:8)
  A jackal skeleton (D:5)
  13 fungi
  41 plants
57 creatures vanquished.

Grand Total: 638 creatures vanquished

Notes
Turn   | Place    | Note
-------+----------+-------------------------------------------
     0 | D:1      | nicolaieve the Minotaur Berserker began the quest for the Orb.
     0 | D:1      | Reached XP level 1. HP: 19/19 MP: 0/0
    37 | D:1      | Reached XP level 2. HP: 6/26 MP: 1/1
   186 | D:1      | Reached skill level 5 in Maces & Flails
   205 | D:1      | Reached XP level 3. HP: 17/31 MP: 2/2
   557 | D:2      | Reached ** piety under Trog
   680 | D:2      | Found a radiant altar of Vehumet.
   690 | D:2      | Reached XP level 4. HP: 37/39 MP: 3/3
   803 | D:2      | Found an opulent altar of Gozag.
  1442 | D:3      | Reached XP level 5. HP: 45/45 MP: 4/4
  1841 | D:4      | Noticed Edmund
  1854 | D:4      | Killed Edmund
  1854 | D:4      | Reached XP level 6. HP: 51/51 MP: 5/5
  1855 | D:4      | Reached *** piety under Trog
  2011 | D:4      | Found a stormy altar of Qazlal.
  2103 | D:4      | Reached XP level 7. HP: 47/57 MP: 6/6
  2172 | D:5      | Entered Level 5 of the Dungeon
  2172 | D:5      | Noticed Eustachio
  2184 | D:5      | Killed Eustachio
  2184 | D:5      | Reached skill level 10 in Maces & Flails
  2344 | D:5      | Noticed Pikel
  2352 | D:5      | Killed Pikel
  2352 | D:5      | Reached XP level 8. HP: 62/64 MP: 7/7
  2562 | D:5      | Found a basalt altar of Yredelemnul.
  2614 | D:5      | Found a hide-covered altar of Uskayaw.
  2643 | D:5      | Found a runed door.
  2960 | D:5      | Noticed Crazy Yiuf
  2963 | D:5      | Killed Crazy Yiuf
  2974 | D:5      | Got a steaming mace
  2975 | D:5      | Identified the +4 mace of the Grave {freeze, rC+ MP+9} (You found it on level 5 of the Dungeon)
  3033 | D:6      | Found an iron altar of Okawaru.
  3218 | D:6      | Found a staircase to the Ecumenical Temple.
  3295 | D:6      | HP: 3/66 [orc warrior/long sword (13)]
  3425 | D:6      | Reached XP level 9. HP: 21/71 MP: 8/8
  3651 | D:6      | Found Enijair's Armour Emporium.
  3913 | D:7      | Found a runed gate.
  3913 | D:7      | Found a runed gate.
  3913 | D:7      | Found a runed gate.
  3950 | D:7      | Noticed Anothat's ghost (novice DDFi)
  3954 | D:7      | Reached **** piety under Trog
  3976 | D:7      | Killed Anothat's ghost
  4326 | D:7      | Found a snail-covered altar of Cheibriados.
  4471 | D:8      | Reached XP level 10. HP: 83/86 MP: 9/9
  4713 | D:8      | Found a bloodstained altar of Trog.
  4797 | D:8      | Found a burning altar of Makhleb.
  4875 | D:8      | Found a white marble altar of Elyvilon.
  4894 | D:8      | Reached ***** piety under Trog
  5179 | D:9      | Found Wompol's Antique Armour Boutique.
  5195 | D:9      | Bought a spiked shield for 275 gold pieces
  5200 | D:9      | Identified the +4 shield of Sif Muna's Regard {rElec rF- rC++ rCorr Int+3} (You bought it in a shop on level 9 of the Dungeon)
  5241 | D:9      | Noticed Harold
  5265 | D:9      | Killed Harold
  5381 | D:9      | Reached skill level 5 in Shields
  5586 | D:9      | Found a staircase to the Orcish Mines.
  6047 | D:9      | Noticed Blork the orc
  6358 | D:9      | Found a deep blue altar of Sif Muna.
  6391 | D:10     | Entered Level 10 of the Dungeon
  6522 | D:10     | Found Onaod's General Store.
  6527 | D:10     | Bought a scroll of immolation for 45 gold pieces
  6556 | D:10     | Reached XP level 11. HP: 87/94 MP: 10/10
  6577 | D:10     | Received a gift from Trog
  6612 | D:10     | Reached skill level 10 in Shields
  7128 | D:10     | Found a staircase to the Lair.
  7306 | D:10     | Noticed a two-headed ogre
  7312 | D:10     | Killed a two-headed ogre
  7701 | Lair:1   | Entered Level 1 of the Lair of Beasts
  7846 | Lair:1   | Noticed a six-headed hydra
  7853 | Lair:1   | Killed a six-headed hydra
  7954 | Lair:1   | Noticed a five-headed hydra
  7962 | Lair:1   | Killed a five-headed hydra
  8234 | Lair:1   | Noticed a six-headed hydra
  8241 | Lair:1   | Killed a six-headed hydra
  8404 | Lair:2   | Reached skill level 10 in Armour
  8404 | Lair:2   | Reached XP level 12. HP: 102/103 MP: 11/11
  8494 | Lair:2   | Noticed a death yak
  8494 | Lair:2   | Noticed a death yak
  8501 | Lair:2   | Noticed a death yak
  8505 | Lair:2   | Noticed a death yak
  8506 | Lair:2   | Noticed a death yak
  8507 | Lair:2   | Killed a death yak
  8511 | Lair:2   | Killed a death yak
  8515 | Lair:2   | Killed a death yak
  8522 | Lair:2   | Killed a death yak
  8526 | Lair:2   | Killed a death yak
  8667 | Lair:2   | HP: 1/105 [komodo dragon (21)]
  8969 | Lair:2   | Found a large runed door.
  8970 | Lair:2   | Found a large runed door.
  9023 | Lair:2   | Noticed Zoacau Tepro's ghost (journeyman TrMo)
  9374 | Lair:2   | Killed Zoacau Tepro's ghost
  9379 | Lair:2   | Identified the Guide on Battle Magic and Snow
  9581 | Lair:3   | Reached skill level 15 in Shields
  9610 | Lair:3   | Reached skill level 10 in Fighting
  9636 | Lair:3   | Found a staircase to the Shoals.
 10315 | Lair:4   | Found a hole to the Spider Nest.
 10400 | Lair:4   | Received a gift from Trog
 10401 | Lair:4   | Reached XP level 13. HP: 114/114 MP: 12/12
 11413 | Lair:5   | Reached skill level 5 in Dodging
 11873 | Lair:5   | Found a staircase to the Slime Pits.
 12394 | Lair:6   | Entered Level 6 of the Lair of Beasts
 12457 | Lair:6   | Noticed Nessos
 12460 | Lair:6   | Reached ****** piety under Trog
 12469 | Lair:6   | Received a gift from Trog
 12489 | Lair:6   | Killed Nessos
 12650 | Lair:6   | Reached XP level 14. HP: 127/127 MP: 13/13
 12820 | Lair:6   | Noticed Sonja
 12980 | Lair:6   | Noticed Rupert
 12999 | Lair:6   | Killed Rupert
 13309 | Lair:6   | Reached skill level 15 in Armour
 13355 | Lair:6   | Noticed Sonja
 13355 | Lair:6   | Sonja changed into Sonja the fire bat
 13359 | Lair:6   | Killed Sonja the fire bat
 13791 | Orc:1    | Entered Level 1 of the Orcish Mines
 13807 | Orc:1    | Reached skill level 15 in Maces & Flails
 13857 | Orc:1    | Noticed Fannar
 13864 | Orc:1    | Killed Fannar
 14107 | Orc:2    | Entered Level 2 of the Orcish Mines
 14260 | Orc:2    | Received a gift from Trog
 14306 | Orc:2    | Found a staircase to the Elven Halls.
 14417 | Orc:2    | Noticed Urug
 14430 | Orc:2    | Killed Urug
 14637 | Orc:2    | Noticed an orc warlord
 14678 | Orc:2    | Killed from afar by an orc priest

Skill      XL: |  1  2  3  4  5  6  7  8  9 10 11 12 13 14 |
---------------+-------------------------------------------+-----
Maces & Flails | 4 5 6 8 9 12 13 14 15 | 15.9
Fighting       | 4 7 8 10 12 13 | 13.9
Armour         | 3 7 8 10 12 14 15 | 15.1
Shields        | 9 13 15 | 15.0
Dodging        | 3 6 8 |  8.2

Action                   |  1- 3 |  4- 6 |  7- 9 | 10-12 | 13-15 || total
-------------------------+-------+-------+-------+-------+-------++-------
Melee: Mace              |    42 |       |   173 |   754 |   324 ||  1293
       Headbutt          |    11 |    26 |    44 |   183 |   205 ||   469
       Whip              |    17 |    99 |       |       |       ||   116
       Flail             |       |    32 |    73 |       |       ||   105
       Eveningstar       |       |       |       |       |   495 ||   495
Invok: Berserk           |     2 |     1 |     8 |    13 |    14 ||    38
       Trog's Hand       |       |       |     1 |     2 |     8 ||    11
Evoke: Wand              |       |       |       |       |     1 ||     1
  Use: Scroll            |       |       |     7 |     8 |     5 ||    20
       Potion            |       |       |       |     2 |       ||     2
 Stab: Distracted        |       |       |     2 |       |       ||     2
  Eat: Chunk             |     1 |     5 |    12 |    28 |    30 ||    76
       Ration            |       |       |     1 |     1 |       ||     2
Armor: Animal skin       |     2 |       |       |       |       ||     2
       Chain mail        |    23 |    12 |       |       |       ||    35
       Plate armour      |       |    48 |   149 |   227 |   299 ||   723
       Skin              |       |       |       |     1 |       ||     1
Dodge: Dodged            |    28 |    49 |    65 |   121 |   201 ||   464
       Deflected         |       |       |     2 |     1 |     9 ||    12
Block: Shield            |       |       |       |   413 |   686 ||  1099
